 Dungeon Crawl Stone Soup version 0.29.1-13-g9f3cf754e1 (webtiles) character file.

Game seed: 6881230361092253526

354 Thatpatchoflichen the Shooter (level 6, -1/51 HPs)
             Began as a Barachi Hunter on Jan 26, 2023.
             Slain by Crazy Yiuf
             ... wielding a +2 quarterstaff of chaos
              (9 damage)
             ... on level 3 of the Dungeon.
             The game lasted 00:06:17 (2976 turns).

Thatpatchoflichen the Shooter (Barachi Hunter)      Turns: 2976, Time: 00:06:18

Health: -1/51      AC:  3    Str: 12    XL:     6   Next: 62%
Magic:  6/6        EV: 15    Int:  9    God:
Gold:   183        SH:  0    Dex: 24    Spells: 5/5 levels left

rFire   . . .      SeeInvis .   a - +0 shortbow
rCold   . . .      Faith    .   (shield currently unavailable)
rNeg    . . .      Spirit   .   c - +0 leather armour
rPois   .          Reflect  .   (no helmet)
rElec   .          Harm     .   (no cloak)
rCorr   .          Rampage  .   (no gloves)
Will    .....                   (no boots)
Stlth   ++........              (no amulet)
HPRegen 0.17/turn               e - +6 ring of dexterity
MPRegen 0.10/turn               (no ring)

@: lethally poisoned (-1 -> -11), slow
A: amphibious, slowness 1, strong legs 1, +LOS
a: Hop


You were on level 3 of the Dungeon.
You visited 1 branch of the dungeon, and saw 4 of its levels.

You collected 183 gold pieces.

Inventory:

Hand Weapons
 a - a +0 shortbow (weapon)
Armour
 c - a +0 leather armour (worn)
 h - the +0 robe of Untold Secrets {rN+}
   (You found it on level 2 of the Dungeon)

   rN:        It protects you from negative energy.
Jewellery
 e - a +6 ring of dexterity (left hand)
Wands
 m - a wand of flame (46)
Scrolls
 b - 2 scrolls of immolation
 d - a scroll of torment {unknown}
 f - 4 scrolls of identify {unknown}
 i - 2 scrolls of noise {unknown}
 j - a scroll of brand weapon {unknown}
 k - a scroll of fear {unknown}
Potions
 g - a potion of curing {unknown}
 l - a potion of invisibility {unknown}
 n - a potion of heal wounds {unknown}


   Skills:
 + Level 5.0 Fighting
 + Level 5.5 Ranged Weapons
 + Level 4.6 Dodging
 - Level 1.0 Stealth


You had 5 spell levels left.
You didn't know any spells.
Your spell library contained the following spells:

 Spells                   Type           Power      Damage    Failure   Level
 Ignite Poison            Fire/Tmut/Pois 0%         N/A       83%         3
 Mephitic Cloud           Conj/Pois/Air  0%         N/A       83%         3
 Freezing Cloud           Conj/Ice/Air   0%         6-21      100%        5


Dungeon Overview and Level Annotations

Branches:
Dungeon (4/15)
 Temple: D:4-7

Altars:
Fedhas

Annotations:
D:3 Crazy Yiuf


Innate Abilities, Weirdness & Mutations

You are amphibious.
You cover ground slowly.
You can hop short distances.
You have an extended range of vision and can be seen from far away.


Message History

Crazy Yiuf is heavily wounded.
Crazy Yiuf grits, "Rot koolooloo poople!"
Crazy Yiuf barely misses you. Crazy Yiuf closely misses you.
Fire: a) +0 shortbow
Press: ? - help, Q - select action, (/) - cycle Shift-Dir - straight line, f/p - Crazy Yiuf
Aim: Crazy Yiuf, wielding a +2 quarterstaff of chaos and wearing a +0 cloak (heavily wounded, 71% to hit)
You shoot an arrow. The arrow hits Crazy Yiuf.
Crazy Yiuf is heavily wounded.
Crazy Yiuf misses you.
Fire: a) +0 shortbow
Press: ? - help, Q - select action, (/) - cycle Shift-Dir - straight line, f/p - Crazy Yiuf
Aim: Crazy Yiuf, wielding a +2 quarterstaff of chaos and wearing a +0 cloak (heavily wounded, 71% to hit)
You shoot an arrow. The arrow barely misses Crazy Yiuf.
Crazy Yiuf completely misses you.
Fire: a) +0 shortbow
Press: ? - help, Q - select action, (/) - cycle Shift-Dir - straight line, f/p - Crazy Yiuf
Aim: Crazy Yiuf, wielding a +2 quarterstaff of chaos and wearing a +0 cloak (heavily wounded, 71% to hit)
You shoot an arrow. The arrow closely misses Crazy Yiuf.
Crazy Yiuf glowers.
Crazy Yiuf hits you with a +2 quarterstaff of chaos!
Crazy Yiuf burns you. Crazy Yiuf misses you.
Fire: a) +0 shortbow
Press: ? - help, Q - select action, (/) - cycle Shift-Dir - straight line, f/p - Crazy Yiuf
Aim: Crazy Yiuf, wielding a +2 quarterstaff of chaos and wearing a +0 cloak (heavily wounded, 71% to hit)
You shoot an arrow.
The arrow hits Crazy Yiuf but does no damage.
Crazy Yiuf is heavily wounded.
Crazy Yiuf hits you with a +2 quarterstaff of chaos!
Crazy Yiuf draws strength from your wounds!
Fire: a) +0 shortbow
Press: ? - help, Q - select action, (/) - cycle Shift-Dir - straight line, f/p - Crazy Yiuf
Aim: Crazy Yiuf, wielding a +2 quarterstaff of chaos and wearing a +0 cloak (moderately wounded, 71% to hit)
You shoot an arrow. The arrow barely misses Crazy Yiuf.
Crazy Yiuf hits you with a +2 quarterstaff of chaos!
* * * LOW HITPOINT WARNING * * *
You are lethally poisoned!
Unknown command.
Crazy Yiuf attacks as you move away!
Crazy Yiuf hits you with a +2 quarterstaff of chaos!
You die...

#.......##.###....#
######.##..# ##..##
#.........## ♣....♣
#.##.#..#.# ♣...♣♣
#>##.#..#.# ♣♣.♣♣
#.##....#.# ♣.♣♣
#.##.##.#.# ♣♣.♣
#.......#.# ♣.♣♣
####......# ♣♣@♣ #
#.###### #g# # #.#
... # #.# #...#
####.# #..)# .....#
##### ############
# #......# ########
# #......# #......#


You could see Crazy Yiuf.

Vanquished Creatures
  Grinder (D:3)
  Natasha (thrice) (D:3)
  A gnoll (D:1)
  An adder (D:2)
  A worm (D:3)
  2 dart slugs
  An orc (D:3)
  4 endoplasms
  2 giant cockroaches
  2 hobgoblins
  6 jackals (D:1)
  8 kobolds
  2 quokkas
  8 ball pythons
  2 bats (D:1)
  4 frilled lizards (D:1)
  6 goblins
  11 rats
65 creatures vanquished.

Notes
Turn   | Place    | Note
-------+----------+-------------------------------------------
     0 | D:1      | Thatpatchoflichen the Barachi Hunter began the quest for
                  | the Orb.
     0 | D:1      | Reached XP level 1. HP: 17/17 MP: 1/1
    20 | D:1      | Reached skill level 1 in Stealth
    84 | D:1      | Reached XP level 2. HP: 23/23 MP: 2/2
   312 | D:1      | Found a faded altar of an unknown god.
   501 | D:1      | Reached XP level 3. HP: 20/29 MP: 3/3
  1339 | D:2      | Identified the +0 robe of Untold Secrets {rN+}
  1341 | D:2      | Reached XP level 4. HP: 35/35 MP: 4/4
  1768 | D:3      | Noticed Natasha
  1771 | D:3      | Killed Natasha
  2071 | D:3      | Found a runed translucent door.
  2072 | D:3      | Noticed Crazy Yiuf
  2090 | D:3      | Noticed Grinder
  2102 | D:3      | Killed Grinder
  2103 | D:3      | Reached skill level 5 in Ranged Weapons
  2103 | D:3      | Reached XP level 5. HP: 34/43 MP: 5/5
  2103 | D:3      | Reached XP level 6. HP: 40/50 MP: 6/6
  2271 | D:3      | Found a blossoming altar of Fedhas.
  2722 | D:3      | Noticed Natasha
  2728 | D:3      | Killed Natasha
  2861 | D:3      | Noticed Natasha
  2867 | D:3      | Killed Natasha
  2868 | D:3      | Reached skill level 5 in Fighting
  2976 | D:3      | Slain by Crazy Yiuf

Illustrated notes

Levels and vault maps discovered:
D:1:      lemuel_arrival_lava_pool, layout_basic,
          dreamdust_ecumenical_altar_angels_and_demons, minmay_rat_gold_closets
D:2:      layout_basic, nicolae_elevator_lobby_asterisk
D:3:      layout_loops_cross, mainiacjoe_overflow_small_starburst,
          hangedman_abyss_or_decor_stabs, uniq_crazy_yiuf_cottage, uniq_grinder,
          uniq_natasha
D:4:      layout_basic, marbit_many_paths, temple_hall, st_stairs_14

Skill      XL: |  1  2  3  4  5  6 |
---------------+-------------------+-----
Stealth        | 1 |  1.0
Fighting       | 3 4 5 |  5.0
Dodging        | 3 4 |  4.6
Ranged Weapons | 5 |  5.5

Action                   |  1- 3 |  4- 6 || total
-------------------------+-------+-------++-------
 Fire: Shortbow          |   108 |    63 ||   171
Armor: Leather armour    |    25 |     4 ||    29
Dodge: Dodged            |    69 |    17 ||    86
